 Dungeon Crawl Stone Soup version 0.19.1-1-g22dce08 (webtiles) character file.

16861 dngmouse the Fighter (level 12, 0/126 HPs)
             Began as a Deep Dwarf Fighter on Jan 12, 2017.
             Was a High Priest of Makhleb.
             Slain by a white ugly thing (34 damage)
             ... in an ice cave.
             The game lasted 00:57:19 (9830 turns).

dngmouse the Fighter (Deep Dwarf Fighter)           Turns: 9830, Time: 00:57:20

Health: 0/126      AC: 23    Str: 25    XL:     12   Next: 13%
Magic:  18/18      EV:  5    Int:  8    God:    Makhleb [*****.]
Gold:   844        SH: 11    Dex: 13    Spells: 0 memorised, 11 levels left

rFire  . . .     SeeInvis +     a - +0 war axe (protect)
rCold  . . .     Gourm    .     W - +0 plate armour
rNeg   . . .     Faith    .     c - +1 shield
rPois  .         Spirit   .     p - +0 helmet
rElec  .         Reflect  .     z - +0 cloak
rCorr  .         Harm     .     (no gloves)
MR     ++...                    (no boots)
Stlth  ..........               (no amulet)
                                V - ring of see invisible
                                I - ring of protection from magic

@: protection aura, non-regenerating
A: damage resistance, recharge devices, dopey 1, sense surroundings 2, screaming
1, slow regeneration 3, strong 1
a: Device Recharging, Minor Destruction, Lesser Servant of Makhleb, Major
Destruction, Greater Servant of Makhleb, Renounce Religion


You were in an ice cave.
You worshipped Makhleb.
Makhleb was extremely pleased with you.
You were not hungry.

You visited 2 branches of the dungeon, and saw 13 of its levels.
You also visited: Sewer and Ice Cave.

You collected 956 gold pieces.
You spent 112 gold pieces at shops.

Inventory:

Hand Weapons
 a - a +0 war axe of protection (weapon)
 t - a +0 flail of protection
 H - a +0 hand axe of venom
 U - a +0 battleaxe
Missiles
 o - 15 tomahawks (quivered)
 C - 2 tomahawks of returning
 D - 6 javelins of returning
Armour
 c - a +1 shield (worn)
 p - a +0 helmet (worn)
 z - a +0 cloak (worn)
 W - a +0 plate armour (worn)
Rods
 J - a +0 lightning rod (12/12)
   (You found it on level 9 of the Dungeon)
Jewellery
 I - a ring of protection from magic (left hand)
 V - a ring of see invisible (right hand)
Wands
 e - a wand of heal wounds (0/9)
 u - a wand of lightning (1/15)
 y - a wand of random effects (19/48)
 E - a wand of lightning (5/15)
 F - a wand of random effects (27/48)
 K - a wand of digging (10/24)
 M - a wand of paralysis (0/24)
 N - a wand of iceblast (0/15)
 O - a wand of enslavement (0/24)
 T - a wand of flame (8/48)
Scrolls
 b - 3 scrolls of recharging
 g - a scroll of vulnerability {unknown}
 j - 13 scrolls of identify
 k - a scroll of blinking
 m - 4 scrolls of teleportation
 q - 5 scrolls of remove curse
 r - 2 scrolls of fog
 v - 2 scrolls of fear
 w - 2 scrolls of amnesia
 R - a scroll of silence {unknown}
Potions
 d - 2 potions of brilliance
 i - 13 potions of curing
 B - a potion of cancellation
 P - a potion of flight
Books
 Q - a book of Necromancy

   Spells                             Type                      Level
   a - Pain                           Necromancy                   1
   b - Animate Skeleton               Necromancy                   1
   c - Vampiric Draining              Necromancy                   3
   d - Regeneration                   Charms/Necromancy            3
   e - Animate Dead                   Necromancy                   4
   f - Control Undead                 Necromancy                   4
Miscellaneous
 S - a fan of gales
Comestibles
 f - 13 bread rations
 h - 2 royal jellies
 l - a slice of pizza
 s - 7 beef jerkies
 x - 7 meat rations
 A - a chunk of flesh
 L - 2 fruits


   Skills:
 + Level 13.2 Fighting
 - Level 12.0 Axes
 + Level 7.7 Armour
 - Level 3.2 Shields
 - Level 9.0 Evocations


You had 11 spell levels left.
You didn't know any spells.

Dungeon Overview and Level Annotations

Branches:
Dungeon (12/15)            Temple (1/1) D:4            Lair (0/6) D:11
    Orc (0/2) D:12

Altars:
Ashenzari
Cheibriados
Dithmenos
Elyvilon
Fedhas
Gozag
Hepliaklqana
Kikubaaqudgha
Makhleb
Nemelex Xobeh
Okawaru
Qazlal
Ru
Sif Muna
Trog
Uskayaw
Vehumet
Xom
Yredelemnul
Zin
The Shining One

Shops:
D:4 %   D:5 }%**   D:6 [   D:9 }


Innate Abilities, Weirdness & Mutations

You are resistant to damage.
You can recharge devices by infusing magical energy.
You passively map the area around you.
You do not regenerate.
You are dopey. (Int -2)
You occasionally shout uncontrollably at your foes.
Your muscles are strong. (Str +2)


Message History

The white ugly thing is heavily wounded.
The white ugly thing bites you. The white ugly thing freezes you!!
You slice the white ugly thing!!
The white ugly thing is severely wounded.
The white ugly thing barely misses you.
You slash the white ugly thing!
The white ugly thing is almost dead.
The white ugly thing barely misses you.
You closely miss the white ugly thing.
The white ugly thing is almost dead.
The white ugly thing bites you!
* * * LOW HITPOINT WARNING * * *
The white ugly thing freezes you!!
* * * LOW HITPOINT WARNING * * *
You are too injured to fight recklessly!
Evoke which item? (* to show all) (? for menu, Esc to quit)
This wand has no charges.
You feel much better. The white ugly thing bites you.
The white ugly thing freezes you!!
You die...

* #### ####### ####### ,
* *#.... #..u..##
##.....# , .....
#(@....###......# ,
......#.......#.......#
,, ,,
......#.......#.......#
, ,,
.................∩..∩.#
,......#.......#.......#
*
......#.......#.......#
, *
.....,#(.....###......#
#.... #$=(..## ##.....#
#### *####### #######


You could see a white ugly thing.

Vanquished Creatures
  The ghost of Aviak the Geomancer, a journeyman GrEE of Ru (IceCv)
  Pikel (D:7)
  3 hill giants
  An ugly thing (D:11)
  The ghost of Alarkh the Cleaver, a novice DsMo (D:6)
  A meliai zombie (D:11)
  2 wraiths
  12 yaks
  A spriggan (D:9)
  A wyvern (D:12)
  Grum (D:10)
  A steam dragon (D:11)
  3 wargs (D:11)
  2 soldier ants
  Edmund (D:4)
  3 slaves (D:7)
  9 ice beasts
  4 orc warriors
  A black bear (D:10)
  2 eyes of draining
  A sky beast (D:5)
  2 necrophages (D:11)
  7 ogres
  3 phantoms
  4 wolves (D:10)
  5 centaurs
  A crocodile (D:10)
  4 big kobolds
  6 bullfrogs
  7 scorpions
  8 killer bees
  4 wights (D:7)
  A howler monkey (D:5)
  10 crimson imps
  A bullfrog zombie (D:6)
  2 bullfrog skeletons
  3 orc priests (D:11)
  3 hounds
  3 jellies
  9 orc wizards
  Crazy Yiuf (D:5)
  2 centaur skeletons
  4 iguanas
  6 worker ants
  Terence (D:2)
  2 killer bee zombies
  2 hound zombies
  2 hound skeletons
  A worker ant zombie (D:8)
  A howler monkey zombie (D:5)
  Robin (D:4)
  4 gnolls (D:4)
  15 adders
  5 river rats (Sewer)
  2 shadow imps
  12 white imps (D:12)
  2 oozes (Sewer)
  An adder zombie (D:6)
  An adder skeleton (D:7)
  4 worms
  2 dart slugs
  6 leopard geckos
  39 orcs
  7 bats
  8 giant cockroaches
  19 goblins
  11 hobgoblins
  18 jackals
  39 kobolds
  6 quokkas
  5 ball pythons
  5 frilled lizards
  A goblin skeleton (D:4)
  A goblin zombie (D:4)
  3 hobgoblin zombies (D:4)
  2 jackal skeletons
  A jackal zombie (D:5)
  A kobold skeleton (D:4)
  A kobold zombie (D:4)
  A leopard gecko skeleton (D:4)
  2 orc zombies (D:4)
  A quokka skeleton (D:5)
  33 rats
  A fungus (D:1)
417 creatures vanquished.

Vanquished Creatures (others)
  A hound (D:7)
  An orc (D:11)
2 creatures vanquished.

Grand Total: 419 creatures vanquished

Notes
Turn   | Place    | Note
-------+----------+-------------------------------------------
     0 | D:1      | dngmouse the Deep Dwarf Fighter began the quest for the Orb.
     0 | D:1      | Reached XP level 1. HP: 20/20 MP: 1/1
   114 | D:1      | Reached skill level 3 in Fighting
   166 | D:1      | Reached XP level 2. HP: 26/28 MP: 2/2
   700 | D:2      | Reached XP level 3. HP: 26/34 MP: 3/3
   776 | D:2      | Found a sacrificial altar of Ru.
   786 | D:2      | Noticed Terence
   797 | D:2      | Killed Terence
   820 | D:2      | Reached XP level 4. HP: 42/42 MP: 4/4
  1106 | D:2      | Found a snail-covered altar of Cheibriados.
  1344 | D:3      | Found a blossoming altar of Fedhas.
  1354 | D:3      | Found a white marble altar of Elyvilon.
  1537 | D:3      | Reached skill level 5 in Axes
  1650 | D:3      | Found a hide-covered altar of Uskayaw.
  1650 | D:3      | Found a faded altar of an unknown god.
  1656 | D:3      | Found a faded altar of an unknown god.
  1658 | D:3      | Found a faded altar of an unknown god.
  1659 | D:3      | Found a faded altar of an unknown god.
  1794 | D:3      | Found a glowing drain.
  1821 | D:3      | Reached XP level 5. HP: 35/49 MP: 5/5
  1851 | Sewer    | Entered a sewer
  2076 | Sewer    | Reached XP level 6. HP: 35/56 MP: 6/6
  2485 | D:3      | Noticed a moth of wrath
  2488 | D:3      | Found a bloodstained altar of Trog.
  2902 | D:4      | Found a glowing golden altar of the Shining One.
  2912 | D:4      | Reached XP level 7. HP: 37/62 MP: 7/7
  2935 | D:4      | Found a staircase to the Ecumenical Temple.
  2943 | Temple   | Entered the Ecumenical Temple
  3400 | D:4      | Found an opulent altar of Gozag.
  3400 | D:4      | Found a glowing silver altar of Zin.
  3557 | D:4      | Found a basalt altar of Yredelemnul.
  3698 | D:4      | Noticed Edmund
  3721 | D:4      | Killed Edmund
  3740 | D:4      | Found Upokhaw's Food Emporium.
  3759 | D:4      | Noticed Robin
  3795 | D:4      | Killed Robin
  3858 | D:4      | Reached skill level 10 in Axes
  3858 | D:4      | Reached XP level 8. HP: 28/69 MP: 8/8
  4034 | D:5      | Entered Level 5 of the Dungeon
  4114 | D:5      | Found Rextegh's Assorted Antiques.
  4114 | D:5      | Found Ciattize's Assorted Antiques.
  4449 | D:5      | Found a runed door.
  4680 | D:5      | Found Kukkarirr's Food Emporium.
  4749 | D:5      | Found Gys Hali's Gadget Shoppe.
  4844 | D:5      | Noticed Crazy Yiuf
  4846 | D:5      | Killed Crazy Yiuf
  4891 | D:6      | Found Tatiumi's Antique Armour Emporium.
  4892 | D:6      | Noticed Alarkh's ghost (novice DsMo)
  4905 | D:6      | Killed Alarkh's ghost
  4905 | D:6      | Reached skill level 4 in Fighting
  4926 | D:6      | Gained mutation: You passively map the area around you. [Deep Dwarf growth]
  4926 | D:6      | Reached XP level 9. HP: 44/79 MP: 9/9
  4953 | D:6      | Reached skill level 5 in Fighting
  5400 | D:7      | Found a glowing golden altar of the Shining One.
  5515 | D:7      | Reached skill level 6 in Fighting
  5522 | D:7      | Noticed Pikel
  5550 | D:7      | Killed Pikel
  5550 | D:7      | Reached skill level 7 in Fighting
  5633 | D:7      | Found a burning altar of Makhleb.
  5636 | D:7      | Became a worshipper of Makhleb the Destroyer
  5823 | D:7      | Reached skill level 1 in Evocations
  6102 | D:7      | Reached skill level 8 in Fighting
  6111 | D:7      | Gained mutation: You occasionally shout uncontrollably at your foes. [potion of mutation]
  6111 | D:7      | Gained mutation: Your muscles are strong. (Str +2) [potion of mutation]
  6111 | D:7      | Gained mutation: You are dopey. (Int -2) [potion of mutation]
  6112 | D:7      | Reached skill level 12 in Fighting
  6112 | D:7      | Reached XP level 10. HP: 22/106 MP: 12/12
  6325 | D:8      | Reached * piety under Makhleb
  7164 | D:9      | Reached XP level 11. HP: 40/114 MP: 13/13
  7186 | D:9      | Found a radiant altar of Vehumet.
  7245 | D:9      | Found a hazy altar of Hepliaklqana.
  7314 | D:9      | Found Fumalagam's Quality Used Wands.
  7434 | D:9      | Reached ** piety under Makhleb
  7472 | D:9      | Bought a wand of paralysis (0/24) for 28 gold pieces
  7472 | D:9      | Bought a wand of iceblast (0/15) for 56 gold pieces
  7472 | D:9      | Bought a wand of enslavement (0/24) for 28 gold pieces
  7733 | D:10     | Entered Level 10 of the Dungeon
  7957 | D:10     | Noticed a hill giant
  7970 | D:10     | Killed a hill giant
  7970 | D:10     | Reached skill level 5 in Armour
  7970 | D:10     | Reached skill level 5 in Evocations
  8222 | D:10     | Noticed a hill giant
  8230 | D:10     | Killed a hill giant
  8333 | D:10     | Noticed Grum
  8346 | D:10     | Reached *** piety under Makhleb
  8360 | D:10     | Killed Grum
  8557 | D:11     | Found a staircase to the Lair.
  8737 | D:11     | Reached **** piety under Makhleb
  8786 | D:11     | Noticed a hill giant
  8805 | D:11     | Killed a hill giant
  9172 | D:11     | Noticed a white ugly thing
  9187 | D:11     | Killed a white ugly thing
  9533 | D:12     | Reached skill level 13 in Fighting
  9547 | D:12     | Reached XP level 12. HP: 126/126 MP: 18/18
  9570 | D:12     | Found a staircase to the Orcish Mines.
  9578 | D:12     | Found a frozen archway.
  9596 | D:12     | Reached ***** piety under Makhleb
  9620 | IceCv    | Entered an ice cave
  9641 | IceCv    | Noticed Aviak's ghost (journeyman GrEE)
  9688 | IceCv    | Killed Aviak's ghost
  9830 | IceCv    | Slain by a white ugly thing

Skill      XL: |  1  2  3  4  5  6  7  8  9 10 11 12 |
---------------+-------------------------------------+-----
Fighting       | 3 4 12 13 | 13.2
Axes           | 3 4 5 6 8 10 12 | 12.0
Evocations     | 2 3 8 9 |  9.0
Armour         | 4 7 |  7.7
Shields        | |  3.2

Action                   |  1- 3 |  4- 6 |  7- 9 | 10-12 || total
-------------------------+-------+-------+-------+-------++-------
Melee: War axe           |    77 |   326 |   466 |   739 ||  1608
Throw: Tomahawk          |       |       |     9 |    40 ||    49
Evoke: Wand              |       |     1 |    14 |     8 ||    23
  Use: Potion            |     2 |     2 |     9 |     8 ||    21
       Scroll            |       |     6 |     2 |     8 ||    16
 Stab: Invisible         |       |       |     5 |       ||     5
  Eat: Chunk             |       |     7 |    12 |    13 ||    32
Armor: Scale mail        |    11 |       |       |       ||    11
       Chain mail        |    11 |   151 |   147 |   271 ||   580
       Skin              |       |       |    14 |     3 ||    17
       Plate armour      |       |       |       |    89 ||    89
Dodge: Dodged            |    14 |    64 |    62 |   117 ||   257
Block: Shield            |    35 |   186 |   198 |   337 ||   756
